 Dungeon Crawl Stone Soup version 0.26.1-2-gb8aa6d0cf2 (webtiles) character file.

Game seed: 4206023779065078543

37 nightchill the Skirmisher (level 3, -9/30 HPs)
             Began as a Formicid Abyssal Knight on Feb 12, 2021.
             Was a Believer of Lugonu.
             Killed from afar by Natasha (12 damage)
             ... with a magic dart
             ... on level 2 of the Dungeon.
             The game lasted 00:01:35 (1343 turns).

nightchill the Skirmisher (Formicid Abyssal Knight) Turns: 1343, Time: 00:01:35

Health: -9/30      AC:  3    Str: 17    XL:     3   Next: 60%
Magic:  5/5        EV: 11    Int: 11    God:    Lugonu [**....]
Gold:   26         SH:  0    Dex: 10    Spells: 2/2 levels left

rFire    . . .     SeeInvis +   a - +1 mace
rCold    . . .     Faith    .   (no shield)
rNeg     . . .     Spirit   .   b - +0 leather armour
rPois    .         Reflect  .   (helmet unavailable)
rElec    .         Harm     .   (no cloak)
rCorr    .         Rampage  .   (no gloves)
Will     .....                  (no boots)
Stlth    +.........             (no amulet)
HPRegen  0.10/turn              (no ring)
MPRegen  0.09/turn              (no ring)

@: no status effects
A: permanent stasis, dig shafts and tunnels, four strong arms, antennae 3
a: Dig, Shaft Self, Renounce Religion, Depart the Abyss, Bend Space


You were on level 2 of the Dungeon.
You worshipped Lugonu.
Lugonu was pleased with you.
You visited 1 branch of the dungeon, and saw 2 of its levels.
You visited the Abyss 1 time.

You collected 26 gold pieces.

Inventory:

Hand Weapons
 a - a +1 mace (weapon)
Missiles
 d - 52 stones
Armour
 b - a +0 leather armour (worn)
Scrolls
 c - 3 scrolls of identify {unknown}
 e - a scroll of enchant weapon {unknown}
 f - 2 scrolls of magic mapping {unknown}
 g - 3 scrolls of remove curse {unknown}
 h - 2 scrolls of enchant armour {unknown}
 j - 3 scrolls of teleportation {unknown}
Potions
 i - a potion of haste {unknown}


   Skills:
 + Level 3.7 Fighting
 * Level 3.0 Maces & Flails
 - Level 2.1 Armour
 - Level 0.8 Dodging
 + Level 2.8 Invocations


You had 2 spell levels left.
You didn't know any spells.
Your spell library was empty.

Dungeon Overview and Level Annotations

Branches:
Dungeon (2/15)

Altars:

Annotations:
D:2 Natasha


Innate Abilities, Weirdness & Mutations

You cannot be hasted, slowed, berserked, paralysed or teleported.
You can dig through walls and to a lower floor.
Your four strong arms can wield two-handed weapons with a shield.
You have a pair of large antennae on your head. (SInv)


Message History

You closely miss Natasha.
Natasha is severely wounded.
Natasha closely misses you.
You hit Natasha but do no damage.
Natasha is severely wounded.
Natasha closely misses you.
You barely miss Natasha.
Natasha is severely wounded.
Natasha claws you.
* * * LOW HITPOINT WARNING * * *
Natasha mumbles some strange words.
You barely miss Natasha.
Natasha is severely wounded.
Natasha claws you.
* * * LOW HITPOINT WARNING * * *
You closely miss Natasha.
Natasha is severely wounded.
Natasha stares at you and mumbles some strange words.
The magic dart hits you!
You die...

#..##...##.##########
#.)#######.# #.># #.#
##.# #.# #.# #.####
#.# #....# #.# ####.#
#.# #.# #.# #@# #.#
#h# #.##########5###
#55.h......#...#
#########.####.#
#......# #.###### ###


You could see Natasha and a crimson imp (summoned).

Vanquished Creatures
  An ooze (D:2)
  A leopard gecko (D:1)
  A bat (D:1)
  7 goblins
  3 hobgoblins
  4 jackals (D:1)
  4 frilled lizards (D:1)
  5 kobolds
  3 rats (D:1)
29 creatures vanquished.

Notes
Turn   | Place    | Note
-------+----------+-------------------------------------------
     0 | Abyss:1  | nightchill the Formicid Abyssal Knight began the quest for
                  | the Orb.
     0 | Abyss:1  | Reached XP level 1. HP: 18/18 MP: 2/2
     5 | Abyss:1  | Noticed a small abomination
    11 | D:1      | Escaped the Abyss
   304 | D:1      | Reached XP level 2. HP: 20/24 MP: 3/3
   829 | D:1      | Reached XP level 3. HP: 25/29 MP: 4/4
  1301 | D:2      | Reached ** piety under Lugonu
  1302 | D:2      | Noticed Natasha
  1343 | D:2      | Killed from afar by Natasha

Illustrated notes

Levels and vault maps discovered:
D:1:      dpeg_arrival_circle_labyrinth_b, layout_basic, feat_on_display
D:2:      layout_basic, minitemple, chequers_ecumenical_altar_grove,
          minmay_statues_item, uniq_natasha

Skill      XL: |  1  2  3 |
---------------+----------+-----
Maces & Flails | 3 |  3.0
Fighting       | |  3.7
Armour         | |  2.1
Dodging        | |  0.8
Invocations    | |  2.8

Action                   || total
-------------------------++-------
Melee: Mace              ||    88
Armor: Leather armour    ||    18
Dodge: Dodged            ||    55
